| TOP OF THE 1ST |
|
Houston Colt .45's batting - Pitching for Palm Beach Nationals : LHP Johnny Busse
|
|
Pitching: LHP Johnny Busse
|
|
|
Batting: RHB Jarno van Lente
|
0-0: Foul Ball, location: 2F 0-1: Foul Ball, location: 2F 0-2: Ground out 5-3 (Groundball, 56, EV 88.8 MPH)
|
|
Batting: RHB Bobby Dunn
|
0-0: Called Strike 0-1: Swinging Strike 0-2: Ball 1-2: Ball 2-2: Ball 3-2: DOUBLE (Flyball, 8LXD, EV 105.6 MPH)
|
|
Batting: LHB Bob Dietz
|
0-0: Called Strike 0-1: DOUBLE (Groundball, 3L, EV 110.0 MPH) Bobby Dunn scores
|
|
Batting: RHB Juan Mendoza
|
0-0: Called Strike 0-1: Ball 1-1: Ball 2-1: Called Strike 2-2: Foul Ball, location: 2F 2-2: Ground out 1-3 (Groundball, 15S, EV 63.1 MPH)
|
|
Batting: RHB Nate Britton
|
0-0: Ball 1-0: Foul Ball, location: 2F 1-1: Swinging Strike 1-2: Fly out, F7 (Line Drive, 7, EV 103.1 MPH)
|
| Top of the 1st over - 1 run, 2 hits, 0 errors, 1 left on base; Houston 1 - Palm Beach 0 |
| BOTTOM OF THE 1ST |
|
Palm Beach Nationals batting - Pitching for Houston Colt .45's : LHP Mark Sanders
|
|
Pitching: LHP Mark Sanders
|
|
|
Batting: RHB Bobby Bricker
|
0-0: Called Strike 0-1: Called Strike 0-2: Ball 1-2: Ball 2-2: Ball 3-2: Base on Balls
|
|
Batting: RHB Lamar Thornton
|
0-0: Ball 1-0: Ball 2-0: Called Strike 2-1: Swinging Strike 2-2: Ball 3-2: DOUBLE (Line Drive, 89D, EV 107.5 MPH) Bobby Bricker to third Bobby Bricker scores
|
|
Batting: RHB Steve Bauman
|
0-0: Reached on error, E5 (Groundball, 56, EV 79.4 MPH) Lamar Thornton to third
|
|
Batting: RHB Naofumi Ishida
|
0-0: Ball 1-0: Ball 2-0: Foul Ball, location: 2F 2-1: Foul Ball, location: 2F 2-2: SINGLE (Flyball, 78S, EV 98.1 MPH) Lamar Thornton scores Steve Bauman to second
|
|
Batting: RHB Antonio Vallez
|
0-0: Ball 1-0: Ball 2-0: Ball 3-0: Base on Balls Steve Bauman to third Naofumi Ishida to second
|
|
Batting: LHB Chance McWilliams
|
0-0: Ball 1-0: Foul Ball, location: 2F 1-1: Swinging Strike 1-2: DOUBLE (Line Drive, 7LD, EV 107.5 MPH) Steve Bauman scores Naofumi Ishida scores Antonio Vallez to third
|
|
Batting: RHB Dave Burwell
|
0-0: Ball 1-0: Ball 2-0: Foul Ball, location: 2F 2-1: Ball 3-1: Base on Balls
|
|
Batting: RHB Jelexiz Cuenca
|
0-0: Ball 1-0: Called Strike 1-1: Ball Wild Pitch! Antonio Vallez scores Chance McWilliams to third Dave Burwell to second 2-1: Fly out, F8 (Flyball, 78D, EV 96.2 MPH) Runner from 3rd tags up, SCORES, throw by CF Dave Burwell to third
|
|
Batting: RHB Jason Ewert
|
0-0: Ball 1-0: Called Strike 1-1: Ball 2-1: Ball 3-1: Foul Ball, location: 2F 3-2: SINGLE (Line Drive, 6M, EV 94.4 MPH) Dave Burwell scores
|
|
Batting: RHB Bobby Bricker
|
0-0: Ball 1-0: Called Strike 1-1: Foul Ball, location: 2F 1-2: Grounds into double play, 6-4-3 (Groundball, 6, EV 82.5 MPH)
|
| Bottom of the 1st over - 7 runs, 4 hits, 1 error, 0 left on base; Houston 1 - Palm Beach 7 |
| TOP OF THE 2ND |
|
Houston Colt .45's batting - Pitching for Palm Beach Nationals : LHP Johnny Busse
|
|
Batting: RHB Jason Monico
|
0-0: Foul Ball, location: 2F 0-1: Swinging Strike 0-2: Ball 1-2: Ball 2-2: Ball 3-2: Strikes out swinging
|
|
Batting: RHB Keith Goodwin
|
0-0: Foul Ball, location: 2F 0-1: Ball 1-1: Called Strike 1-2: Strikes out looking
|
|
Batting: SHB Miguel Sierra
|
0-0: Ball 1-0: Called Strike 1-1: Ball 2-1: Ball 3-1: Base on Balls
|
|
Batting: RHB Erik Smith
|
0-0: Called Strike 0-1: Ball 1-1: Foul Ball, location: 2F 1-2: Fly out, F9 (Flyball, 9, EV 86.2 MPH)
|
| Top of the 2nd over - 0 runs, 0 hits, 0 errors, 1 left on base; Houston 1 - Palm Beach 7 |
| BOTTOM OF THE 2ND |
|
Palm Beach Nationals batting - Pitching for Houston Colt .45's : LHP Mark Sanders
|
|
Batting: RHB Lamar Thornton
|
0-0: Ball 1-0: Foul Ball, location: 2F 1-1: Ball 2-1: Ball 3-1: Swinging Strike 3-2: Foul Ball, location: 2F 3-2: Base on Balls
|
|
Batting: RHB Steve Bauman
|
0-0: SINGLE (Groundball, 4MD, EV 104.4 MPH) Lamar Thornton to second
|
|
Batting: RHB Naofumi Ishida
|
0-0: Called Strike 0-1: Called Strike 0-2: Ball 1-2: Ball 2-2: Ball Wild Pitch! Lamar Thornton to third Steve Bauman to second 3-2: SINGLE (Groundball, 6MD, EV 105.6 MPH) Lamar Thornton scores Steve Bauman to third
|
|
Pitching: RHP Russ Greer
|
|
|
Batting: RHB Antonio Vallez
|
0-0: Called Strike Naofumi Ishida steals 2nd base 0-1: Foul Ball, location: 2F 0-2: Ball 1-2: Ball 2-2: DOUBLE (Flyball, 8LXD, EV 95.6 MPH) Steve Bauman scores Naofumi Ishida scores
|
|
Batting: LHB Chance McWilliams
|
0-0: Ball 1-0: Called Strike 1-1: Fly out, F8 (Flyball, 8LD, EV 99.4 MPH)
|
|
Batting: RHB Dave Burwell
|
0-0: Ball 1-0: Ball 2-0: Foul Ball, location: 2F 2-1: Ground out 6-3 (Groundball, 6, EV 81.9 MPH) Antonio Vallez to third
|
|
Batting: RHB Jelexiz Cuenca
|
0-0: Called Strike 0-1: Called Strike 0-2: Ball 1-2: Strikes out swinging
|
| Bottom of the 2nd over - 3 runs, 3 hits, 0 errors, 1 left on base; Houston 1 - Palm Beach 10 |
| TOP OF THE 3RD |
|
Houston Colt .45's batting - Pitching for Palm Beach Nationals : LHP Johnny Busse
|
|
Batting: RHB Jarno van Lente
|
0-0: Called Strike 0-1: Swinging Strike 0-2: Ball 1-2: Foul Ball, location: 2F 1-2: Ball 2-2: Ball 3-2: Strikes out swinging
|
|
Batting: RHB Bobby Dunn
|
0-0: Called Strike 0-1: Foul Ball, location: 2F 0-2: Ground out 6-3 (Groundball, 6, EV 86.2 MPH)
|
|
Batting: LHB Bob Dietz
|
0-0: Called Strike 0-1: Ball 1-1: Ball 2-1: SINGLE (Groundball, 56D, EV 96.9 MPH)
|
|
Batting: RHB Juan Mendoza
|
0-0: Ball 1-0: Swinging Strike 1-1: Ball Bob Dietz steals 2nd base (no throw) 2-1: 2-RUN HOME RUN (Flyball, 7LD, EV 95.6 MPH), Distance : 367 ft
|
|
Batting: RHB Nate Britton
|
0-0: Called Strike 0-1: Ball 1-1: Fly out, F9 (Flyball, 9D, EV 101.2 MPH)
|
| Top of the 3rd over - 2 runs, 2 hits, 0 errors, 0 left on base; Houston 3 - Palm Beach 10 |
| BOTTOM OF THE 3RD |
|
Palm Beach Nationals batting - Pitching for Houston Colt .45's : RHP Russ Greer
|
|
Batting: RHB Jason Ewert
|
0-0: SINGLE (Line Drive, 4MD, EV 95.0 MPH)
|
|
Batting: RHB Bobby Bricker
|
0-0: 2-RUN HOME RUN (Flyball, 78XD, EV 112.5 MPH), Distance : 438 ft
|
|
Pitching: LHP T.J. Westover
|
|
|
Batting: RHB Lamar Thornton
|
0-0: Called Strike 0-1: Ground out 5-3 (Groundball, 56, EV 100.6 MPH)
|
|
Batting: RHB Steve Bauman
|
0-0: Ball 1-0: Ball 2-0: Ball 3-0: Base on Balls
|
|
Batting: RHB Naofumi Ishida
|
0-0: Foul Ball, location: 2F 0-1: SINGLE (Groundball, 5S, EV 73.1 MPH) (infield hit) Steve Bauman to second
|
|
Batting: RHB Antonio Vallez
|
0-0: Ball 1-0: Ball 2-0: Ball 3-0: Base on Balls Steve Bauman to third Naofumi Ishida to second
|
|
Batting: LHB Chance McWilliams
|
0-0: Fly out, F9 (Flyball, 89S, EV 84.4 MPH)
|
|
Batting: RHB Dave Burwell
|
0-0: SINGLE (Line Drive, 4D, EV 99.4 MPH) Steve Bauman scores Naofumi Ishida to third Antonio Vallez to second Runner from 3rd tries for Home, SAFE, throw by RF to home
|
|
Batting: RHB Jelexiz Cuenca
|
0-0: Ball Wild Pitch! Antonio Vallez to third Dave Burwell to second 1-0: Ball 2-0: Called Strike 2-1: Foul Ball, location: 2F 2-2: SINGLE (Groundball, 56D, EV 101.9 MPH) Antonio Vallez scores Dave Burwell to third Runner from 3rd tries for Home, SAFE, throw by LF to home
|
|
Pitching: RHP Tim Watson
|
|
|
Batting: RHB Jason Ewert
|
0-0: Fielders Choice at 2nd, 6-4 (Groundball, 6, EV 100.6 MPH)
|
| Bottom of the 3rd over - 6 runs, 5 hits, 0 errors, 1 left on base; Houston 3 - Palm Beach 16 |
| TOP OF THE 4TH |
|
Houston Colt .45's batting - Pitching for Palm Beach Nationals : LHP Johnny Busse
|
|
Pitching: RHP Curtis DeLille
|
|
|
Batting: RHB Jason Monico
|
0-0: Ball 1-0: Ball 2-0: SINGLE (Groundball, 56, EV 101.9 MPH)
|
|
Batting: RHB Keith Goodwin
|
0-0: SINGLE (Line Drive, 6MD, EV 98.1 MPH) Jason Monico to second
|
|
Batting: SHB Miguel Sierra
|
0-0: Fielders Choice at 2nd, 4-6 (Groundball, 4M, EV 87.5 MPH) Jason Monico to third
|
|
Batting: RHB Erik Smith
|
0-0: Called Strike 0-1: Ball 1-1: Foul Ball, location: 2F 1-2: Fly out, F8 (Flyball, 8RD, EV 92.5 MPH) Runner from 3rd tags up, SCORES, throw by CF
|
|
Batting: RHB Jarno van Lente
|
0-0: Ball 1-0: Fly out, F4 (Line Drive, 4, EV 74.4 MPH)
|
| Top of the 4th over - 1 run, 2 hits, 0 errors, 1 left on base; Houston 4 - Palm Beach 16 |
| BOTTOM OF THE 4TH |
|
Palm Beach Nationals batting - Pitching for Houston Colt .45's : RHP Tim Watson
|
|
Batting: RHB Bobby Bricker
|
0-0: Ball 1-0: Foul Ball, location: 2F 1-1: Ball 2-1: Ball 3-1: Foul Ball, location: 2F 3-2: Foul Ball, location: 2F 3-2: SINGLE (Groundball, 25, EV 65.6 MPH) (infield hit)
|
|
Batting: RHB Lamar Thornton
|
0-0: Called Strike 0-1: Ball 1-1: Ball 2-1: Called Strike 2-2: Foul Ball, location: 2F 2-2: Fly out, F9 (Flyball, 9, EV 90.0 MPH)
|
|
Batting: RHB Steve Bauman
|
0-0: Ball 1-0: Ball 2-0: Ball 3-0: Called Strike 3-1: Foul Ball, location: 2F 3-2: Base on Balls Bobby Bricker to second
|
|
Pitching: RHP To-wai Chen
|
|
|
Batting: RHB Naofumi Ishida
|
0-0: Ball 1-0: Fly out, F9 (Line Drive, 9, EV 87.5 MPH)
|
|
Batting: RHB Antonio Vallez
|
0-0: Foul Ball, location: 2F 0-1: Foul Ball, location: 2F 0-2: Foul Ball, location: 2F 0-2: Foul Ball, location: 2F 0-2: Foul Ball, location: 2F 0-2: Ball 1-2: Ball 2-2: Fielders Choice at 2nd, 5-4 (Groundball, 5L, EV 79.4 MPH)
|
| Bottom of the 4th over - 0 runs, 1 hit, 0 errors, 2 left on base; Houston 4 - Palm Beach 16 |
| TOP OF THE 5TH |
|
Houston Colt .45's batting - Pitching for Palm Beach Nationals : RHP Curtis DeLille
|
|
Batting: RHB Bobby Dunn
|
0-0: Foul Ball, location: 2F 0-1: Called Strike 0-2: Ground out 6-3 (Groundball, 6MS, EV 78.8 MPH)
|
|
Batting: LHB Bob Dietz
|
0-0: Foul Ball, location: 2F 0-1: Swinging Strike 0-2: Foul Ball, location: 2F 0-2: Foul Ball, location: 2F 0-2: Ball 1-2: Fly out, F7 (Flyball, 78D, EV 90.6 MPH)
|
|
Batting: RHB Juan Mendoza
|
0-0: Ball 1-0: Swinging Strike 1-1: Foul Ball, location: 2F 1-2: Ball 2-2: Ground out 4-3 (Groundball, 4, EV 82.5 MPH)
|
| Top of the 5th over - 0 runs, 0 hits, 0 errors, 0 left on base; Houston 4 - Palm Beach 16 |
| BOTTOM OF THE 5TH |
|
Palm Beach Nationals batting - Pitching for Houston Colt .45's : RHP To-wai Chen
|
|
Batting: LHB Chance McWilliams
|
0-0: Ball 1-0: Ball 2-0: Ball 3-0: Base on Balls
|
|
Batting: RHB Dave Burwell
|
0-0: Fielders Choice at 2nd, 5-4 (Groundball, 56S, EV 88.1 MPH)
|
|
Batting: RHB Jelexiz Cuenca
|
0-0: Ball 1-0: Swinging Strike 1-1: Foul Ball, location: 2F 1-2: Strikes out looking
|
|
Pitching: RHP Chris Keziah
|
|
|
Batting: RHB Jason Ewert
|
0-0: Ball 1-0: Ball Passed Ball! Dave Burwell to second 2-0: Ball 3-0: Base on Balls
|
|
Batting: RHB Bobby Bricker
|
0-0: Called Strike 0-1: Swinging Strike 0-2: Ball 1-2: Strikes out swinging
|
| Bottom of the 5th over - 0 runs, 0 hits, 0 errors, 2 left on base; Houston 4 - Palm Beach 16 |
| TOP OF THE 6TH |
|
Houston Colt .45's batting - Pitching for Palm Beach Nationals : RHP Curtis DeLille
|
|
Batting: RHB Nate Britton
|
0-0: Ball 1-0: Called Strike 1-1: Ball 2-1: Ball 3-1: Foul Ball, location: 2F 3-2: Ground out 5-3 (Groundball, 56S, EV 86.9 MPH)
|
|
Batting: RHB Jason Monico
|
0-0: Ball 1-0: Ball 2-0: SINGLE (Flyball, 3D, EV 90.0 MPH)
|
|
Batting: RHB Keith Goodwin
|
0-0: Ball Jason Monico steals 2nd base 1-0: Ball 2-0: Ball 3-0: Called Strike 3-1: SINGLE (Groundball, 3D, EV 94.4 MPH) Jason Monico to third
|
|
Batting: SHB Miguel Sierra
|
0-0: SINGLE (Line Drive, 7S, EV 98.1 MPH) Jason Monico scores Keith Goodwin to second
|
|
Batting: RHB Erik Smith
|
0-0: Swinging Strike 0-1: Ball Wild Pitch! Keith Goodwin to third Miguel Sierra to second 1-1: Foul Ball, location: 2F 1-2: DOUBLE (Flyball, 8LXD, EV 99.4 MPH) Keith Goodwin scores Miguel Sierra scores
|
|
Batting: RHB Jarno van Lente
|
0-0: Called Strike 0-1: Ball 1-1: Ball 2-1: Fly out, F8 (Flyball, 8LS, EV 74.4 MPH)
|
|
Batting: RHB Bobby Dunn
|
0-0: Ball 1-0: Swinging Strike 1-1: Foul Ball, location: 2F 1-2: 2-RUN HOME RUN (Line Drive, 7D, EV 106.2 MPH), Distance : 418 ft
|
|
Batting: LHB Bob Dietz
|
0-0: Ground out 6-3 (Groundball, 6MD, EV 81.2 MPH)
|
| Top of the 6th over - 5 runs, 5 hits, 0 errors, 0 left on base; Houston 9 - Palm Beach 16 |
| BOTTOM OF THE 6TH |
|
Palm Beach Nationals batting - Pitching for Houston Colt .45's : RHP Chris Keziah
|
|
Batting: RHB Lamar Thornton
|
0-0: Ball 1-0: Foul Ball, location: 2F 1-1: SINGLE (Line Drive, 89M, EV 92.5 MPH)
|
|
Batting: RHB Steve Bauman
|
0-0: Ball 1-0: Ball 2-0: Ball 3-0: Base on Balls Lamar Thornton to second
|
|
Batting: RHB Naofumi Ishida
|
0-0: Fly out, F7 (Flyball, 7, EV 90.6 MPH)
|
|
Batting: RHB Antonio Vallez
|
0-0: Foul Ball, location: 2F 0-1: Ball 1-1: Foul Ball, location: 2F 1-2: Grounds into double play, 5-4-3 (Groundball, 25, EV 86.2 MPH)
|
| Bottom of the 6th over - 0 runs, 1 hit, 0 errors, 1 left on base; Houston 9 - Palm Beach 16 |
| TOP OF THE 7TH |
|
Houston Colt .45's batting - Pitching for Palm Beach Nationals : RHP Curtis DeLille
|
|
Batting: RHB Juan Mendoza
|
0-0: Ground out U3 (Groundball, 3L, EV 86.9 MPH)
|
|
Batting: RHB Nate Britton
|
0-0: Ball 1-0: Ball 2-0: Called Strike 2-1: Ball 3-1: Foul Ball, location: 2F 3-2: Foul Ball, location: 2F 3-2: Base on Balls
|
|
Pitching: RHP Jessie Fisher
|
|
|
Batting: RHB Jason Monico
|
0-0: Ball 1-0: Ball 2-0: SINGLE (Groundball, 56S, EV 66.2 MPH) (infield hit) Nate Britton to second
|
|
Batting: RHB Keith Goodwin
|
0-0: Called Strike 0-1: Called Strike 0-2: Ball 1-2: SINGLE (Groundball, 6S, EV 100.0 MPH) Nate Britton to third Jason Monico to second Runner from 3rd tries for Home, SAFE, throw by LF to home
|
|
Batting: SHB Miguel Sierra
|
0-0: Ground out 5-3 (Groundball, 56S, EV 64.4 MPH) Jason Monico to third Keith Goodwin to second
|
|
Batting: RHB Erik Smith
|
0-0: DOUBLE (Line Drive, 7LM, EV 107.5 MPH) Jason Monico scores Keith Goodwin scores
|
|
Batting: RHB Jarno van Lente
|
0-0: Foul Ball, location: 2F 0-1: Called Strike 0-2: Ground out 6-3 (Groundball, 6M, EV 103.8 MPH)
|
| Top of the 7th over - 3 runs, 3 hits, 0 errors, 1 left on base; Houston 12 - Palm Beach 16 |
| BOTTOM OF THE 7TH |
|
Palm Beach Nationals batting - Pitching for Houston Colt .45's : RHP Chris Keziah
|
|
Batting: LHB Chance McWilliams
|
0-0: Foul Ball, location: 2F 0-1: SINGLE (Groundball, 4MD, EV 90.0 MPH) (infield hit)
|
|
Batting: RHB Dave Burwell
|
0-0: Ball Passed Ball! Chance McWilliams to second 1-0: Ball 2-0: Ball 3-0: Base on Balls
|
|
Batting: RHB Jelexiz Cuenca
|
0-0: Called Strike 0-1: SINGLE (Groundball, P, EV 80.0 MPH) (infield hit) Chance McWilliams to third Dave Burwell to second
|
|
Batting: RHB Jason Ewert
|
0-0: Ball 1-0: SINGLE (Line Drive, 78M, EV 103.1 MPH) Chance McWilliams scores Dave Burwell to third Jelexiz Cuenca to second
|
|
Batting: RHB Bobby Bricker
|
Balk! Dave Burwell scores Jelexiz Cuenca to third Jason Ewert to second 0-0: Ball Balk! Jelexiz Cuenca scores Jason Ewert to third 1-0: Foul Ball, location: 2F 1-1: Foul Ball, location: 2F 1-2: Ground out 6-3 (Groundball, 6M, EV 87.5 MPH) Jason Ewert scores
|
|
Batting: RHB Lamar Thornton
|
0-0: Ball 1-0: Ball 2-0: Ball 3-0: Base on Balls
|
|
Batting: RHB Steve Bauman
|
0-0: Ball 1-0: Swinging Strike 1-1: Called Strike 1-2: Single, Error in OF, E9, batter to second base (Line Drive, 9S, EV 91.9 MPH) Lamar Thornton to third
|
|
Batting: RHB Naofumi Ishida
|
0-0: Called Strike 0-1: Ball 1-1: Swinging Strike 1-2: Ball 2-2: Ball 3-2: Base on Balls
|
|
Batting: RHB Antonio Vallez
|
0-0: Ball 1-0: Foul Ball, location: 2F 1-1: Ball 2-1: Ground out 4-3 (Groundball, 4MS, EV 68.8 MPH) Lamar Thornton scores Steve Bauman to third Naofumi Ishida to second
|
|
Batting: LHB Chance McWilliams
|
0-0: Ball Wild Pitch! Steve Bauman scores Naofumi Ishida to third 1-0: Ground out U3 (Groundball, 34, EV 86.9 MPH)
|
| Bottom of the 7th over - 6 runs, 4 hits, 1 error, 1 left on base; Houston 12 - Palm Beach 22 |
| TOP OF THE 8TH |
|
Houston Colt .45's batting - Pitching for Palm Beach Nationals : RHP Jessie Fisher
|
|
Batting: RHB Bobby Dunn
|
0-0: Ball 1-0: Ball 2-0: Called Strike 2-1: Foul Ball, location: 2F 2-2: Ball 3-2: Base on Balls
|
|
Batting: LHB Bob Dietz
|
0-0: Ball 1-0: Reached on error, E1 (Groundball, 13, EV 61.2 MPH) Bobby Dunn to second
|
|
Batting: RHB Juan Mendoza
|
0-0: SINGLE (Groundball, 56, EV 100.6 MPH) Bobby Dunn to third Bob Dietz to second Runner from 3rd tries for Home, SAFE, throw by LF to home
|
|
Batting: RHB Nate Britton
|
0-0: Foul Ball, location: 2F 0-1: Called Strike 0-2: Ball 1-2: Ball 2-2: Ball 3-2: Grounds into double play, 6-4-3 (Groundball, 6, EV 84.4 MPH) Bob Dietz to third
|
|
Batting: RHB Jason Monico
|
0-0: Ball 1-0: Called Strike 1-1: Ball 2-1: Ball 3-1: Base on Balls
|
|
Batting: RHB Keith Goodwin
|
0-0: Ground out U3 (Groundball, 3, EV 78.8 MPH)
|
| Top of the 8th over - 1 run, 1 hit, 1 error, 2 left on base; Houston 13 - Palm Beach 22 |
| BOTTOM OF THE 8TH |
|
Palm Beach Nationals batting - Pitching for Houston Colt .45's : RHP Chris Keziah
|
|
Batting: RHB Dave Burwell
|
0-0: Ball 1-0: Ball 2-0: SINGLE (Line Drive, 9S, EV 84.4 MPH)
|
|
Batting: RHB Jelexiz Cuenca
|
0-0: SINGLE (Groundball, 6MD, EV 98.1 MPH) Dave Burwell to second
|
|
Batting: RHB Jason Ewert
|
0-0: Grounds into double play, 4-6-3 (Groundball, 34, EV 82.5 MPH) Dave Burwell to third
|
|
Batting: RHB Bobby Bricker
|
0-0: SINGLE (Groundball, 6M, EV 103.1 MPH) (infield hit) Dave Burwell scores
|
|
Pitching: RHP Josh Willig
|
|
|
Batting: RHB Lamar Thornton
|
0-0: Fly out, F8 (Flyball, 89M, EV 90.0 MPH)
|
| Bottom of the 8th over - 1 run, 3 hits, 0 errors, 1 left on base; Houston 13 - Palm Beach 23 |
| TOP OF THE 9TH |
|
Houston Colt .45's batting - Pitching for Palm Beach Nationals : RHP Jessie Fisher
|
|
Batting: SHB Miguel Sierra
|
0-0: Called Strike 0-1: Ball 1-1: Ball 2-1: Ball 3-1: Foul Ball, location: 2F 3-2: Foul Ball, location: 2F 3-2: SINGLE (Line Drive, 4MD, EV 96.2 MPH)
|
|
Batting: RHB Erik Smith
|
0-0: Foul Ball, location: 2F 0-1: Foul Ball, location: 2F 0-2: Strikes out swinging
|
|
Batting: RHB Jarno van Lente
|
0-0: Ball 1-0: Ball 2-0: Foul Ball, location: 2F 2-1: DOUBLE (Groundball, 5L, EV 93.8 MPH) Miguel Sierra to third
|
|
Batting: RHB Bobby Dunn
|
0-0: Called Strike 0-1: Ball 1-1: Ball 2-1: Ground out 6-3 (Groundball, 4M, EV 80.6 MPH) Miguel Sierra scores Jarno van Lente to third
|
|
Batting: LHB Bob Dietz
|
0-0: Called Strike 0-1: Fly out, F9 (Flyball, 9S, EV 86.2 MPH)
|
| Top of the 9th over - 1 run, 2 hits, 0 errors, 1 left on base; Houston 14 - Palm Beach 23 |
|